 Dungeon Crawl Stone Soup version 0.20.0-15-g7f486f2 (webtiles) character file.

122906 vishdafish the Peltast (level 16, -5/114 HPs)
             Began as a Gargoyle Fighter on June 25, 2017.
             Was the Champion of Okawaru.
             Killed by divine providence
             ... invoked by a balrug
              (9 damage)
             ... on level 1 of the Depths.
             The game lasted 01:38:13 (30752 turns).

vishdafish the Peltast (Gargoyle Fighter)          Turns: 30752, Time: 01:38:14

Health: -5/114     AC: 37    Str: 27 (28) XL:     16   Next: 89%
Magic:  21/21      EV:  9    Int:  7      God:    Okawaru [******]
Gold:   2190       SH: 26    Dex: 10 (13) Spells: 15/15 levels left

rFire    + . .     SeeInvis .   E - +3 flail (drain)
rCold    + . .     Gourm    .   j - +0 large shield
rNeg     + . .     Faith    .   T - +4 plate armour "Gikhlatash" {rPois Str+3 Int-4}
rPois    ∞         Spirit   .   (helmet restricted)
rElec    +         Reflect  .   x - +1 cloak {MR+}
rCorr    .         Harm     .   q - +1 pair of gloves {archery}
MR       +++..     Clarity  +   (no boots)
Stlth    ..........             B - amulet of magic regeneration
Regen    0.3/turn               V - ring "Jirucoedgh" {rF+ MR+ Str+2 Dex+2}
MPRegen  0.3/turn               e - ring of protection from cold

@: flying, very slightly contaminated
A: big wings, hooves 1, horns 1, iridescent scales 1, large bone plates 1,
clarity, deterioration 1, negative energy resistance 1, robust 1, electricity
resistance, wild magic 1, unbreathing, petrification resistance, no potion heal
1, rot immunity, AC +11
a: Stop Flying, Heroism, Finesse, Renounce Religion


You were on level 1 of the Depths.
You worshipped Okawaru.
Okawaru was exalted by your worship.
You were not hungry.

You visited 5 branches of the dungeon, and saw 25 of its levels.
You also visited: Labyrinth and Ice Cave.

You collected 2605 gold pieces.
You spent 415 gold pieces at shops.

Inventory:

Hand Weapons
 i - a +2 whip of holy wrath
 E - a +3 flail of draining (weapon)
Armour
 j - a +0 large shield (worn)
 q - a +1 pair of gloves of archery (worn)
 x - a +1 cloak of magic resistance (worn)
 T - the +4 plate armour "Gikhlatash" (worn) {rPois Str+3 Int-4}
   (Okawaru gifted it to you on level 14 of the Dungeon)

   It affects your strength (+3).
   It affects your intelligence (-4).
   It protects you from poison.
Jewellery
 e - a ring of protection from cold (right hand)
 B - an amulet of magic regeneration (around neck)
 V - the ring "Jirucoedgh" (left hand) {rF+ MR+ Str+2 Dex+2}
   (You found it on level 14 of the Dungeon)

   [ring of protection from fire]

   It affects your strength (+2).
   It affects your dexterity (+2).
   It protects you from fire.
   It affects your resistance to hostile enchantments.
Wands
 c - a wand of iceblast (11/15)
 o - a wand of polymorph (12/24)
 y - a wand of clouds (2/9)
 C - a wand of flame (5/48)
 S - a wand of digging (8/24)
Scrolls
 a - a scroll of vulnerability
 h - 9 scrolls of remove curse
 k - 2 scrolls of magic mapping
 u - 7 scrolls of immolation
 v - a scroll of torment
 w - 5 scrolls of fog
 z - a scroll of blinking
 D - 3 scrolls of teleportation
 G - 3 scrolls of fear
 J - a scroll of holy word
 M - 2 scrolls of recharging
Potions
 g - 8 potions of curing
 p - 6 potions of brilliance
 r - a potion of resistance
 A - a potion of haste
 I - 2 potions of cancellation
 K - a potion of ambrosia
 L - a potion of invisibility
 O - 2 potions of might
 R - 4 potions of agility
 Z - 3 potions of mutation
Miscellaneous
 d - a phial of floods
 m - a fan of gales
 N - a box of beasts
 U - a lamp of fire
 Y - a lightning rod (4/4)
Comestibles
 b - 3 fruits
 f - 8 bread rations
 l - 30 royal jellies
 n - a meat ration


   Skills:
 + Level 13.3 Fighting
 + Level 15.2 Maces & Flails
 + Level 11.9 Armour
 * Level 8.3 Dodging
 + Level 2.5 Stealth
 + Level 17.0 Shields
 * Level 7.1 Invocations
 - Level 1.8 Evocations


You had 15 spell levels left.
You didn't know any spells.

Dungeon Overview and Level Annotations

Branches:
Dungeon (15/15)            Temple (1/1) D:6            Lair (6/6) D:8
  Swamp (0/4) Lair:3        Snake (0/4) Lair:2        Slime (0/5) Lair:5
    Orc (2/2) D:9             Elf (0/3) Orc:2        Vaults (0/5) D:14
 Depths (1/5) D:15

Altars:
Ashenzari
Cheibriados
Dithmenos
Elyvilon
Fedhas
Gozag
Hepliaklqana
Makhleb
Okawaru
Qazlal
Ru
Sif Muna
Trog
Uskayaw
Vehumet
Xom
Zin
The Shining One

Shops:
D:4 !   D:7 [   D:11 !***   Orc:2 }%(=?


Innate Abilities, Weirdness & Mutations

You are resistant to torment.
Your stone body is resilient. (AC +11)
You are immune to poison.
Your large and strong wings let you fly indefinitely.
You resist negative energy. (rN+)
You are resistant to electric shocks. (rElec)
You can survive without breathing.
You are immune to petrification.
You are immune to rotting.
You have large cloven feet.
You have a pair of small horns on your head.
You are partially covered in iridescent scales. (AC +2)
You are partially covered in large bone plates. (SH +4)
You possess an exceptional clarity of mind.
Your body sometimes deteriorates upon taking damage.
You are robust. (+10% HP)
Your spells are a little harder to cast, but a little more powerful.
Potions are less effective at restoring your health.


Message History

* * * LOW HITPOINT WARNING * * *
You block the red devil's attack. The balrug hits you but does no damage.
You hit the balrug. You kick the balrug, but do no damage.
Your headbutt misses the balrug.
The balrug is almost dead.
You block the red devil's attack.
You closely miss the balrug. You kick the balrug, but do no damage.
The balrug is almost dead.
The balrug hits you with a demon whip!
* * * LOW HITPOINT WARNING * * *
You are engulfed in flames!
You resist.
* * * LOW HITPOINT WARNING * * *
Your body deteriorates!
You feel clumsy.
Blink to where?
Press: ? - help, Dir - move target cursor You are very lightly contaminated with residual magic.
As you read the scroll of blinking, it crumbles to dust.
The balrug gestures at you. Something smites you!
You die...

≈≈≈.............## #)#
≈≈...............#### #§#
≈≈........##....###.####.#
.......................2.##
........................(.#
(((...≈≈.......≈≈≈..#.#.#.#
......≈≈.≈.......≈........#
......≈≈.........≈..#.#.#.#
...≈≈≈..........@≈........#
...≈≈≈.......##.≈...#.#.#.#
....≈≈........#...≈.......#
.............####.≈.......#
..................≈.....####
..................≈........##
...........≈................#
........≈≈...≈≈.......#....##
........≈≈≈.≈≈≈......###..##


You could see a balrug.

Vanquished Creatures
  A frost giant (IceCv)
  2 stone giants (Depths:1)
  3 ettins
  A minotaur (Lab)
  3 fire dragons
  A merfolk impaler (Depths:1)
  2 ogre magi (Orc:2)
  A yaktaur captain (Depths:1)
  Harold (Lair:1)
  2 rakshasas (Depths:1)
  The ghost of pib the Cleaver, a journeyman DsBe of Trog (IceCv)
  2 hydras
  Fannar (D:11)
  A merfolk avatar (Lair:6)
  A great orb of eyes (Depths:1)
  2 ice dragons
  Erica (Orc:1)
  5 centaur warriors
  2 dancing weapons (D:14)
  3 death yaks (IceCv)
  13 two-headed ogres
  2 deep troll shamans (D:15)
  2 iron trolls
  2 unseen horrors (D:14)
  A glowing orange brain (Depths:1)
  9 deep trolls
  3 orc knights
  2 manticores
  10 deep elf magi
  13 slime creatures
  5 cyclopes
  A mana viper (Lair:2)
  17 ugly things
  7 elephants
  7 centaur zombies
  4 gargoyles (Lab)
  9 spiny frogs
  2 kobold demonologists
  7 rime drakes
  3 yaktaurs (Depths:1)
  The ghost of esteth the Chiller, a novice MfIE (D:6)
  An efreet (D:14)
  15 komodo dragons
  12 trolls
  18 polar bears
  A queen bee (D:12)
  4 hornets
  A wind drake (Lair:6)
  A harpy zombie (D:11)
  6 meliai
  A tyrant leech (Lair:3)
  6 dream sheep (Lair:4)
  7 hippogriffs
  4 blink frogs (Lair:6)
  2 shadows
  9 water elementals
  A golden eye (shapeshifter) (Depths:1)
  49 yaks
  5 wyverns
  8 hungry ghosts
  2 basilisks
  6 vampire mosquitoes
  A soldier ant (D:14)
  9 wargs
  4 acid dragons (D:14)
  16 water moccasins
  A porcupine (Lair:4)
  28 orc warriors
  7 sky beasts
  5 black bears
  An eye of draining (D:14)
  6 ice beasts
  3 phantoms
  36 ogres
  4 boggarts (D:15)
  18 wolves
  16 centaurs
  10 crocodiles
  16 bullfrogs
  4 big kobolds
  2 gnoll sergeants
  A wyvern zombie (D:8)
  A wyvern skeleton (D:6)
  3 scorpions
  32 killer bees
  29 wights
  9 howler monkeys
  5 electric eels
  7 crimson imps
  3 bullfrog zombies
  12 jellies
  6 hounds
  8 centaur skeletons
  34 orc wizards
  21 orc priests
  A bullfrog skeleton (D:5)
  4 iguanas
  Natasha (twice) (D:2)
  17 worker ants
  A killer bee zombie (D:8)
  4 hound skeletons
  13 adders
  11 gnolls
  2 howler monkey skeletons
  9 shadow imps
  A white imp (D:11)
  An ufetubus (D:11)
  6 oozes
  2 adder zombies
  2 adder skeletons
  A worm (D:2)
  3 leopard geckos
  96 orcs
  5 giant cockroaches
  6 goblins
  8 hobgoblins
  15 jackals
  4 quokkas
  7 ball pythons
  3 bats
  5 frilled lizards
  A jackal zombie (D:5)
  23 kobolds
  A leopard gecko skeleton (D:4)
  6 rats
933 creatures vanquished.

Vanquished Creatures (others)
  A polar bear (IceCv)
  2 yaks (IceCv)
  4 wolves (IceCv)
  A wight (D:15)
  4 plants (Lair:6)
12 creatures vanquished.

Grand Total: 945 creatures vanquished

Notes
Turn   | Place    | Note
-------+----------+-------------------------------------------
     0 | D:1      | vishdafish the Gargoyle Fighter began the quest for the Orb.
     0 | D:1      | Reached XP level 1. HP: 14/14 MP: 1/1
   148 | D:1      | Reached XP level 2. HP: 15/19 MP: 2/2
   410 | D:1      | Reached XP level 3. HP: 15/23 MP: 3/3
   734 | D:2      | Noticed Natasha
   995 | D:2      | Killed Natasha
   995 | D:2      | Reached XP level 4. HP: 29/29 MP: 4/4
  1071 | D:2      | Noticed Natasha
  1082 | D:2      | Killed Natasha
  1082 | D:2      | Reached skill level 4 in Shields
  1436 | D:2      | Found a faded altar of an unknown god.
  1446 | D:2      | Reached XP level 5. HP: 30/33 MP: 5/5
  1519 | D:2      | Found a deep blue altar of Sif Muna.
  2082 | D:3      | Reached skill level 1 in Dodging
  2487 | D:4      | Found a glowing silver altar of Zin.
  2488 | D:4      | Found a shadowy altar of Dithmenos.
  2488 | D:4      | Found a sacrificial altar of Ru.
  2489 | D:4      | Found a shimmering altar of Xom.
  2500 | D:4      | Noticed an ogre
  2513 | D:4      | Killed an ogre
  2513 | D:4      | Reached XP level 6. HP: 10/38 MP: 6/6
  2901 | D:4      | Reached skill level 5 in Shields
  2955 | D:4      | Found Durymuy's Distillery.
  2960 | D:4      | Bought a potion of heal wounds for 60 gold pieces
  2990 | D:4      | Reached XP level 7. HP: 42/44 MP: 7/7
  3196 | D:5      | Entered Level 5 of the Dungeon
  3504 | D:5      | Reached skill level 5 in Maces & Flails
  4120 | D:5      | Reached XP level 8. HP: 18/48 MP: 8/8
  4351 | D:5      | Reached skill level 5 in Armour
  4351 | D:5      | Reached skill level 6 in Shields
  4406 | D:6      | You fall through a shaft for 2 floors!
  4426 | D:8      | Reached skill level 1 in Evocations
  4504 | D:8      | Found a runed door.
  4516 | D:8      | Reached skill level 5 in Fighting
  4567 | D:8      | Reached XP level 9. HP: 31/54 MP: 9/9
  4571 | D:8      | Noticed a centaur warrior
  4838 | D:8      | Killed a centaur warrior
  4838 | D:8      | Reached skill level 7 in Shields
  5261 | D:7      | Found Quonnaps's Antique Armour Boutique.
  5377 | D:7      | Got a brightly glowing hand axe {antimagic}
  5378 | D:7      | Identified the +4 hand axe of the Big Fish {antimagic, Str+8} (You took it off an orc warrior on level 7 of the Dungeon)
  5509 | D:7      | Reached XP level 10. HP: 30/61 MP: 10/10
  6098 | D:6      | Reached skill level 8 in Shields
  6206 | D:6      | Found a staircase to the Ecumenical Temple.
  6216 | Temple   | Entered the Ecumenical Temple
  6224 | Temple   | Became a worshipper of Warmaster Okawaru
  6405 | D:6      | Noticed esteth's ghost (novice MfIE)
  6423 | D:6      | Killed esteth's ghost
  6759 | D:6      | Reached * piety under Okawaru
  6799 | D:6      | Found a stormy altar of Qazlal.
  7151 | D:8      | Reached skill level 10 in Maces & Flails
  7194 | D:8      | Got a steaming falchion
  7195 | D:8      | Identified the +1 falchion "Hoatas" {slice, Str+4} (You found it on level 8 of the Dungeon)
  7325 | D:8      | Found a staircase to the Lair.
  7363 | D:8      | Reached skill level 9 in Shields
  7396 | D:8      | Reached ** piety under Okawaru
  7767 | D:8      | Found a runed door.
  7808 | D:8      | Reached XP level 11. HP: 25/68 MP: 11/11
  8180 | D:8      | Got a pitted leather armour
  8191 | D:8      | Identified the cursed +0 leather armour of the Slorg {+Fly rElec} (You found it on level 8 of the Dungeon)
  8393 | D:9      | Reached *** piety under Okawaru
  8803 | D:9      | Reached **** piety under Okawaru
  8858 | D:9      | Found a staircase to the Orcish Mines.
  9395 | D:10     | Entered Level 10 of the Dungeon
  9686 | D:10     | Reached skill level 1 in Stealth
  9713 | D:10     | Noticed a cyan ugly thing
  9722 | D:10     | Killed a cyan ugly thing
  9732 | D:10     | Gained mutation: Your body sometimes deteriorates upon taking damage. [potion of mutation]
  9732 | D:10     | Gained mutation: You are clumsy. (Dex -2) [potion of mutation]
  9732 | D:10     | Gained mutation: You are frail. (-10% HP) [potion of mutation]
  9732 | D:10     | Gained mutation: You have a pair of small horns on your head. [potion of mutation]
  9739 | D:10     | Gained mutation: You have large cloven feet. [mutagenic meat]
  9741 | D:10     | Lost mutation: You are frail. (-10% HP) [mutagenic meat]
  9916 | D:11     | Noticed a five-headed hydra
 10357 | D:10     | Reached skill level 10 in Shields
 10648 | D:11     | Killed a five-headed hydra
 10835 | D:11     | Reached ***** piety under Okawaru
 11069 | D:11     | Reached XP level 12. HP: 55/76 MP: 13/13
 11095 | D:11     | Found Pyalemomi's Assorted Antiques.
 11098 | D:11     | Found Odeuc's General Store.
 11099 | D:11     | Found Hezij's Assorted Antiques.
 11100 | D:11     | Found Noelets's Distillery.
 11139 | D:11     | Bought a potion of heal wounds for 65 gold pieces
 11143 | D:11     | Bought a scroll of identify for 60 gold pieces
 11159 | D:11     | Noticed Fannar
 11429 | D:11     | Killed Fannar
 11506 | D:11     | Gained mutation: Your body often deteriorates upon taking damage. [mutagenic meat]
 11507 | D:11     | Gained mutation: You have a pair of horns on your head. [mutagenic meat]
 11508 | D:11     | Lost mutation: You have a pair of horns on your head. [mutagenic meat]
 11582 | D:11     | Noticed a two-headed ogre
 11587 | D:11     | Reached skill level 11 in Shields
 11609 | D:11     | Killed a two-headed ogre
 12378 | D:11     | Received a gift from Okawaru
 12935 | D:12     | Reached ****** piety under Okawaru
 13100 | D:13     | Reached skill level 10 in Fighting
 13398 | D:13     | Received a gift from Okawaru
 13407 | D:13     | Got a crude scale mail {god gift}
 13418 | D:13     | Identified the +0 scale mail "Nahevuj" {Int+2} (Okawaru gifted it to you on level 13 of the Dungeon)
 13665 | D:13     | Reached XP level 13. HP: 37/82 MP: 14/14
 13687 | D:13     | Reached skill level 12 in Shields
 14386 | D:13     | Got an ichor-stained hunting sling
 14387 | D:13     | Identified the +5 hunting sling of Righteous Anger {freeze, rPois Int+3} (You found it on level 13 of the Dungeon)
 14937 | D:14     | Reached skill level 10 in Armour
 14961 | D:14     | Found a frozen archway.
 14986 | D:14     | Reached skill level 13 in Shields
 15010 | IceCv    | Entered an ice cave
 15255 | IceCv    | Received a gift from Okawaru
 15500 | IceCv    | Noticed pib's ghost (journeyman DsBe)
 15517 | IceCv    | Killed pib's ghost
 15517 | IceCv    | Reached skill level 5 in Dodging
 15692 | IceCv    | Noticed a frost giant
 15730 | IceCv    | Killed a frost giant
 15739 | IceCv    | Gained mutation: Your large and strong wings let you fly indefinitely. [Gargoyle growth]
 15739 | IceCv    | Reached XP level 14. HP: 38/90 MP: 15/15
 16271 | D:14     | Gained mutation: You possess an exceptional clarity of mind. [mutagenic meat]
 16272 | D:14     | Gained mutation: You are partially covered in iridescent scales. (AC +2) [mutagenic meat]
 16274 | D:14     | Gained mutation: You have hoof-like feet. [mutagenic meat]
 16275 | D:14     | Gained mutation: You are robust. (+10% HP) [mutagenic meat]
 16634 | D:14     | Received a gift from Okawaru
 16688 | D:14     | Got a translucent plate armour {god gift}
 17005 | D:14     | Identified the +4 plate armour "Gikhlatash" {rPois Str+3 Int-4} (Okawaru gifted it to you on level 14 of the Dungeon)
 17380 | D:14     | Got a warped platinum ring
 17382 | D:14     | Identified the ring "Jirucoedgh" {rF+ MR+ Str+2 Dex+2} (You found it on level 14 of the Dungeon)
 17561 | D:14     | Reached skill level 14 in Shields
 17947 | D:14     | Found a gate to the Vaults.
 17978 | D:15     | Entered Level 15 of the Dungeon
 18301 | D:15     | Found a labyrinth entrance.
 18316 | Lab      | Entered a labyrinth
 19646 | Lab      | Reached skill level 1 in Invocations
 19992 | Lab      | Received a gift from Okawaru
 20046 | Lab      | Identified the Tome of Warped Ignition
 20053 | Lab      | Got a faintly glowing copper ring
 20055 | Lab      | Identified the ring "Aroeg" {Str-4 Int+4 SInv Stlth-} (You found it in a labyrinth)
 20359 | D:15     | Found a staircase to the Depths.
 20663 | Orc:1    | Entered Level 1 of the Orcish Mines
 20947 | Orc:2    | Entered Level 2 of the Orcish Mines
 20947 | Orc:2    | Found Buoquet's Magic Scroll Boutique.
 20955 | Orc:2    | Bought a scroll of identify for 22 gold pieces
 20955 | Orc:2    | Bought a scroll of identify for 22 gold pieces
 20955 | Orc:2    | Bought a scroll of identify for 22 gold pieces
 20963 | Orc:2    | Bought a scroll of blinking for 82 gold pieces
 20963 | Orc:2    | Bought a scroll of enchant weapon for 82 gold pieces
 21133 | Orc:2    | Reached XP level 15. HP: 105/105 MP: 16/16
 21578 | Orc:2    | Reached skill level 15 in Shields
 22015 | Orc:2    | Found Mayj's Jewellery Boutique.
 22072 | Orc:1    | Noticed Erica
 22080 | Orc:1    | Killed Erica
 22424 | Orc:2    | Found Repriynua's Antique Weapon Emporium.
 22434 | Orc:2    | Found Jirph's Food Shop.
 22435 | Orc:2    | Found Uleg's Gadget Shop.
 22454 | Orc:2    | Found a staircase to the Elven Halls.
 22514 | Orc:2    | Received a gift from Okawaru
 22999 | Lair:1   | Entered Level 1 of the Lair of Beasts
 23249 | Lair:1   | Noticed Harold
 23265 | Lair:1   | Killed Harold
 23824 | Lair:2   | Found a staircase to the Snake Pit.
 24695 | Lair:3   | Found a staircase to the Swamp.
 25310 | Lair:4   | Reached skill level 5 in Invocations
 26385 | Lair:5   | Found a staircase to the Slime Pits.
 26991 | Lair:6   | Entered Level 6 of the Lair of Beasts
 27059 | Lair:6   | Reached skill level 15 in Maces & Flails
 27064 | Lair:6   | Reached XP level 16. HP: 75/113 MP: 19/19
 27428 | Lair:6   | Received a gift from Okawaru
 27569 | Lair:6   | Reached skill level 16 in Shields
 28382 | Depths:1 | Entered Level 1 of the Depths
 29136 | Depths:1 | Received a gift from Okawaru
 29147 | Depths:1 | Got a twisted robe {god gift}
 29158 | Depths:1 | Identified the +4 robe "Tilaq" {*Corrode rPois Str+7 Dex-3} (Okawaru gifted it to you on level 1 of the Depths)
 29315 | Depths:1 | Gained mutation: Armour fits poorly on your strangely shaped body. [mutagenic meat]
 29320 | Depths:1 | Lost mutation: Armour fits poorly on your strangely shaped body. [mutagenic meat]
 29321 | Depths:1 | Lost mutation: You are clumsy. (Dex -2) [mutagenic meat]
 29322 | Depths:1 | Gained mutation: Your mind is acute. (Int +2) [mutagenic meat]
 29452 | Depths:1 | Lost mutation: Your body often deteriorates upon taking damage. [mutagenic meat]
 29454 | Depths:1 | Gained mutation: Potions are less effective at restoring your health. [mutagenic meat]
 29458 | Depths:1 | Gained mutation: You are partially covered in large bone plates. (SH +4) [mutagenic meat]
 29462 | Depths:1 | Lost mutation: You have hoof-like feet. [mutagenic meat]
 29761 | Depths:1 | Lost mutation: Your mind is acute. (Int +2) [mutagenic meat]
 29762 | Depths:1 | Gained mutation: Your spells are a little harder to cast, but a little more powerful. [mutagenic meat]
 30547 | Depths:1 | Reached skill level 17 in Shields
 30749 | Depths:1 | HP: 3/114 [balrug/demon whip (12)]
 30752 | Depths:1 | Killed from afar by a balrug

Skill      XL: |  1  2  3  4  5  6  7  8  9 10 11 12 13 14 15 16 |
---------------+-------------------------------------------------+-----
Maces & Flails | 3 4 5 7 8 10 11 12 13 14 15 | 15.2
Shields        | 4 5 6 7 9 10 11 13 14 15 17 | 17.0
Dodging        | 1 2 3 4 5 6 7 8 |  8.3
Fighting       | 4 5 6 7 9 10 11 12 13 | 13.3
Armour         | 4 5 6 7 8 9 10 11 | 11.9
Evocations     | 1 |  1.8
Stealth        | 1 2 |  2.5
Invocations    | 2 5 7 |  7.1

Action                   |  1- 3 |  4- 6 |  7- 9 | 10-12 | 13-15 | 16-18 || total
-------------------------+-------+-------+-------+-------+-------+-------++-------
Melee: Flail             |   157 |   167 |   275 |  1307 |  1819 |   725 ||  4450
       Whip              |       |       |    68 |    69 |       |       ||   137
       Kick              |       |       |       |   174 |   608 |   337 ||  1119
       Headbutt          |       |       |       |   117 |   399 |   211 ||   727
Invok: Heroism           |       |       |       |       |     5 |     2 ||     7
       Finesse           |       |       |       |       |     1 |       ||     1
 Abil: Fly               |       |       |       |       |     1 |       ||     1
Evoke: Wand              |       |       |     3 |     2 |     7 |       ||    12
  Use: Potion            |       |     1 |     1 |     3 |     4 |       ||     9
       Scroll            |       |       |     8 |    15 |    12 |     5 ||    40
 Stab: Invisible         |       |       |       |     1 |       |       ||     1
       Distracted        |       |       |       |       |     1 |       ||     1
  Eat: Bread ration      |     1 |     1 |       |     5 |     6 |       ||    13
       Meat ration       |       |       |     2 |     3 |     5 |     2 ||    12
       Chunk             |       |       |       |    15 |     6 |    16 ||    37
       Fruit             |       |       |       |       |     5 |       ||     5
Armor: Scale mail        |   117 |   115 |   163 |    35 |       |       ||   430
       Skin              |       |     2 |       |       |       |       ||     2
       Chain mail        |       |       |       |   733 |   169 |       ||   902
       Ring mail         |       |       |       |       |   140 |       ||   140
       Plate armour      |       |       |       |       |   490 |   354 ||   844
Dodge: Dodged            |    44 |    58 |    92 |   419 |   578 |   191 ||  1382
Block: Shield            |    99 |   103 |   186 |   774 |  1091 |       ||  2253
       Large shield      |       |       |       |       |    72 |   824 ||   896
